 Dungeon Sprint DCSS version 0.31-a0-276-ge00219d475 (webtiles) character file.

Game seed: 3577390752818338350

4184 Conn the Thaumaturge (level 10, -10/61 HPs)
             Began as an Octopode Fire Elementalist on July 15, 2023.
             Was the Champion of Sif Muna.
             Engulfed by a cloud of flame (30 damage)
             ... in the Dungeon (Sprint III: "The Ten Rune Challenge").
             The game lasted 00:12:46 (1559 turns).

Conn the Thaumaturge (Octopode Fire Elementalist)   Turns: 1559, Time: 00:12:47

Health: -10/61     AC:  1    Str:  9    XL:     10   Next: 29%
Magic:  12/26      EV: 14    Int: 21    God:    Sif Muna [******]
Gold:   1456       SH:  0    Dex: 12    Spells: 3/34 levels left

rFire   . . .        l - +2 long sword (holy)
rCold   + . .        (no shield)
rNeg    . . .        (helmet restricted)
rPois   .            (no amulet)
rElec   .            (no ring)
rCorr   .            (no ring)
SInv    .            (no ring)
Will    .....        (no ring)
Stlth   ++++         (no ring)
HPRegen 0.30/turn    (no ring)
MPRegen 0.20/turn    (no ring)
                     (no ring)

%: no teleportation, clarity
@: no status effects
A: almost no armour, amphibious, 8 rings, camouflage 1, gelatinous body 1,
(nimble swimmer 1), tentacles, clarity, cold resistance 1
a: Renounce Religion, Channel Magic, Forget Spell, Divine Exegesis


You were in the Dungeon.
You worshipped Sif Muna.
Sif Muna was exalted by your worship.
You visited 1 branch You collected 1673 gold pieces.
You spent 217 gold pieces at shops.

Inventory:

Hand Weapons
 c - a +0 dagger
 l - a +2 long sword of holy wrath (weapon)
Armour
 f - a +0 kite shield
Scrolls
 d - a scroll of blinking
 e - a scroll of torment
 g - a scroll of identify
Potions
 a - 4 potions of magic
 b - 2 potions of curing
 k - 5 potions of mutation


   Skills:
 + Level 2.3 Fighting
 + Level 1.2 Long Blades
 + Level 4.5 Dodging
 + Level 5.2 Stealth
 - Level 0.3 Unarmed Combat
 + Level 12.7 Spellcasting
 * Level 8.0 Conjurations
 + Level 2.5 Hexes
 * Level 3.4 Translocations
 - Level 4.1 Transmutations
 + Level 12.4 Fire Magic
 * Level 7.6 Ice Magic
 * Level 4.1 Earth Magic
 * Level 5.3 Invocations


You had 3 spell levels left.
You knew the following spells:

 Your Spells              Type           Power      Damage    Failure   Level
a - Foxfire               Conj/Fire      100%       2x1d9     1%          1
b - Scorch                Fire           100%       2d9       1%          2
c - Inner Flame           Hex/Fire       44%        N/A       1%          3
d - Flame Wave            Conj/Fire      54%        2d13      1%          4
e - Frozen Ramparts       Ice            90%        1d14      1%          3
f - Metabolic Englaciati  Hex/Ice        17%        N/A       17%         5
g - Petrify               Tmut/Erth      30%        N/A       9%          4
h - Dispersal             Tloc           13%        N/A       88%         6
i - Teleport Other        Tloc           27%        N/A       3%          3

Your spell library contained the following spells:

 Spells                   Type           Power      Damage    Failure   Level
 Volatile Blastmotes      Fire/Tloc      92%        2d17      1%          3
 Gell's Gravitas          Tloc           27%        N/A       3%          3


Dungeon Overview and Level Annotations

Branches:
Dungeon (1/1)

Altars:
Cheibriados
Dithmenos
Elyvilon
Fedhas
Kikubaaqudgha
Makhleb
Okawaru
Qazlal
Ru
Sif Muna
Trog
Uskayaw
Vehumet
Wu Jian
Xom
Yredelemnul
Zin
The Shining One

Shops:
D ?


Innate Abilities, Weirdness & Mutations

You cannot wear most types of armour.
You are amphibious.
You can wear up to eight rings at the same time.
Your skin changes colour to match your surroundings (Stealth+).
Your rubbery body absorbs attacks. (AC +1, EV +1)
((You are camouflaged when in or above water. (Stealth+)))
You have tentacles for arms and can constrict up to eight enemies at once.
You possess an exceptional clarity of mind.
Your flesh is cold resistant. (rC+)


Message History

Casting: Metabolic Englaciation (quite dangerous; 17% risk of failure)
Confirm with . or Enter, or press ? or * to list all spells.
Aiming: Inner Flame (safe; 1% risk of failure)
Press: ? - help, Dir - move target, f - deep elf knight
Aim: a deep elf knight, wielding a +0 scimitar and wearing a +0 ring mail (fast, slow, chance to affect: 50%)
The deep elf knight is filled with an inner flame.
Unknown command.
Things that are here:
a +0 club; an orc skeleton
Casting: Inner Flame (safe; 1% risk of failure)
Confirm with . or Enter, or press ? or * to list all spells.
You conjure some foxfire!
The deep elf knight casts a spell at you.
The shard of ice misses you.
Unknown command.
Casting: Foxfire (safe; 1% risk of failure)
Confirm with . or Enter, or press ? or * to list all spells.
Flames lash the deep elf knight.
Flame seeps out of the deep elf knight.
The deep elf knight is moderately wounded.
The deep elf knight's fire resistance burns away.
The foxfire hits the deep elf knight but does no damage.
The deep elf knight is moderately wounded.
The foxfire hits the deep elf knight but does no damage.
The deep elf knight is moderately wounded.
The deep elf knight is engulfed in blazing flames.
Flame seeps out of the deep elf knight.
Casting: Scorch (safe; 1% risk of failure)
Confirm with . or Enter, or press ? or * to list all spells.
Casting: Flame Wave (dangerous; 1% risk of failure)
Press: ? - help, Dir - look around, f - activate A wave of flame ripples out!
The flame wave engulfs the deep elf knight!!
The deep elf knight is burned terribly!
Sif Muna accepts your kill. (Press . to intensify the flame waves.)
The deep elf knight explodes!
The fiery explosion engulfs you!!!
Ouch! That really hurt!
You are engulfed in blazing flames.
You die...

.♣ ♣.#############...##########
.♣♣ ♣♣.#___#___#__##.#...##..'.#.
..♣ ♣..#...#__.#._#.........##:#.
~.♣♣♣..###'#'###)##..........#.#.
~♣♣....#.).....)..#.........##)#.
~~♣♣...'.))...).).#...###∩####)'.
≈~~~♣..#)..######'#[)## #..# ####
~~~....#)⌠.# #.§.#e########
~~.....#...# #.@§#))~§§'.#
.......#)###_ #§.§#[#§§§#.#
.......#.[.#__#[§÷○)#§§§#
.......#___#v_+)))#[#...#
▓▓▓▓▓▓▓▓▓▓▓▓▓▓▓▓▓▓▓▓▓▓▓▓▓


There were no monsters in sight!

Vanquished Creatures
  Josephine (D)
  2 deep elf knights (D)
  4 deep elf pyromancers (D)
  An orc sorcerer (D)
  A shadow (D)
  A necrophage (D)
  A water elemental (D)
  A jelly (D)
  4 orc priests (D)
  A wizard (D)
  3 orc wizards (D)
  A necromancer (D)
  3 humans (D)
  A kobold demonologist (D)
  A wolf (D)
  10 orcs (D)
  4 rats (D)
40 creatures vanquished.

Vanquished Creatures (others)
  47 foxfires (D)
47 creatures vanquished.

Grand Total: 87 creatures vanquished

Notes
Turn   | Place    | Note
-------+----------+-------------------------------------------
     0 | D        | Conn the Octopode Fire Elementalist began the quest for the
                  | Orb.
     0 | D        | Reached XP level 1. HP: 11/11 MP: 3/3
    97 | D        | Noticed a wolf
   120 | D        | Reached XP level 2. HP: 17/17 MP: 1/5
   122 | D        | Reached skill level 5 in Fire Magic
   122 | D        | Reached XP level 3. HP: 21/21 MP: 1/7
   149 | D        | Gained mutation: You possess an exceptional clarity of
                  | mind. [potion of mutation]
   149 | D        | Gained mutation: Your flesh is cold resistant. (rC+)
                  | [potion of mutation]
   169 | D        | Learned a level 2 spell: Scorch
   173 | D        | Learned a level 3 spell: Inner Flame
   180 | D        | Noticed a water elemental
   189 | D        | Killed a water elemental
   190 | D        | Reached XP level 4. HP: 15/27 MP: 6/10
   249 | D        | Found a radiant altar of Vehumet.
   249 | D        | Found a shimmering blue altar of Sif Muna.
   249 | D        | Found an ancient bone altar of Kikubaaqudgha.
   249 | D        | Noticed a wizard
   251 | D        | Killed a wizard
   252 | D        | Reached XP level 5. HP: 32/32 MP: 7/11
   262 | D        | Became a worshipper of Sif Muna the Loreminder
   268 | D        | Learned a level 4 spell: Flame Wave
   272 | D        | Learned a level 3 spell: Frozen Ramparts
   309 | D        | Found an ornate altar of the Wu Jian Council.
   310 | D        | Noticed a human
   310 | D        | Noticed a human
   313 | D        | Killed a human
   314 | D        | Reached skill level 1 in Fighting
   314 | D        | Reached XP level 6. HP: 38/38 MP: 4/15
   315 | D        | Killed a human
   422 | D        | Found a hide-covered altar of Uskayaw.
   422 | D        | Found a bloodstained altar of Trog.
   426 | D        | Found an iron altar of Okawaru.
   539 | D        | Learned a level 5 spell: Metabolic Englaciation
   541 | D        | Found a basalt altar of Yredelemnul.
   541 | D        | Found a shadowy altar of Dithmenos.
   541 | D        | Found a sacrificial altar of Ru.
   544 | D        | Reached * piety under Sif Muna
   545 | D        | Reached XP level 7. HP: 43/43 MP: 11/18
   600 | D        | Found a glowing silver altar of Zin.
   600 | D        | Found a glowing golden altar of the Shining One.
   600 | D        | Found a white marble altar of Elyvilon.
   601 | D        | Noticed a deep elf pyromancer
   605 | D        | Killed a deep elf pyromancer
   606 | D        | Reached skill level 5 in Conjurations
   606 | D        | Reached skill level 10 in Fire Magic
   606 | D        | Reached skill level 5 in Ice Magic
   606 | D        | Reached XP level 8. HP: 25/50 MP: 10/21
   704 | D        | Noticed a shadow
   708 | D        | Killed a shadow
   708 | D        | Reached ** piety under Sif Muna
   709 | D        | Reached skill level 10 in Spellcasting
   712 | D        | Reached skill level 5 in Stealth
   777 | D        | Noticed Josephine
   787 | D        | Killed Josephine
   788 | D        | Reached skill level 1 in Hexes
   788 | D        | Reached XP level 9. HP: 14/54 MP: 5/24
   936 | D        | Noticed an orc sorcerer
   937 | D        | Noticed a sun demon
   948 | D        | Reached *** piety under Sif Muna
  1016 | D        | Learned a level 4 spell: Petrify
  1136 | D        | Reached **** piety under Sif Muna
  1139 | D        | Reached skill level 1 in Earth Magic
  1181 | D        | Killed an orc sorcerer
  1182 | D        | Reached skill level 1 in Transmutations
  1223 | D        | Reached ***** piety under Sif Muna
  1240 | D        | Found a blossoming altar of Fedhas.
  1240 | D        | Found a stormy altar of Qazlal.
  1242 | D        | Found a snail-covered altar of Cheibriados.
  1242 | D        | Found a burning altar of Makhleb.
  1242 | D        | Found a shimmering altar of Xom.
  1278 | D        | Found Higryjui's Magic Scroll Emporium.
  1299 | D        | Bought a scroll of blinking for 105 gold pieces
  1299 | D        | Bought a scroll of fear for 56 gold pieces
  1299 | D        | Bought a scroll of identify for 28 gold pieces
  1299 | D        | Bought a scroll of identify for 28 gold pieces
  1321 | D        | Learned a level 6 spell: Dispersal
  1323 | D        | Noticed a deep elf pyromancer
  1323 | D        | Noticed a deep elf knight
  1323 | D        | Noticed a deep elf knight
  1323 | D        | Noticed a deep elf pyromancer
  1323 | D        | Noticed a deep elf pyromancer
  1350 | D        | Killed a deep elf pyromancer
  1350 | D        | Killed a deep elf knight
  1350 | D        | Received a gift from Sif Muna
  1351 | D        | Reached XP level 10. HP: 10/60 MP: 18/26
  1365 | D        | Killed a deep elf pyromancer
  1365 | D        | Reached ****** piety under Sif Muna
  1366 | D        | Reached skill level 1 in Long Blades
  1366 | D        | Reached skill level 5 in Invocations
  1374 | D        | Killed a deep elf pyromancer
  1530 | D        | Learned a level 3 spell: Teleport Other
  1559 | D        | Killed a deep elf knight
  1559 | D        | Engulfed by a cloud of flame

Illustrated notes

Levels and vault maps discovered:
D:        dungeon_sprint_mu [sprint_mu_entry_forest, sprint_mu_temple_rooms,
          sprint_mu_d1_horrors, sprint_mu_d2_genie, sprint_mu_d3_branching,
          sprint_mu_orc_legion, sprint_mu_elf_gauntlet, sprint_mu_hive_nellie,
          sprint_mu_lair_fedhas, sprint_mu_vaults_butterflies,
          sprint_mu_slime_circle, sprint_mu_swamp_cave, sprint_mu_shoals_kraken,
          sprint_mu_blade_basic, sprint_mu_crypt_fortress,
          sprint_mu_tomb_spiral, sprint_mu_vestibule_basic,
          sprint_mu_gehenna_hellfire, sprint_mu_dis_giant,
          sprint_mu_tartarus_statrot, sprint_mu_cocytus_islands, sprint_mu_zot1]

Skill      XL: |  1  2  3  4  5  6  7  8  9 10 |
---------------+-------------------------------+-----
Stealth        | 3 4 5 |  5.2
Fire Magic     | 4 5 7 8 9 10 11 12 | 12.4
Spellcasting   | 3 4 6 8 9 11 12 | 12.7
Dodging        | 3 4 |  4.5
Conjurations   | 2 3 4 5 6 7 8 |  8.0
Fighting       | 1 2 |  2.3
Ice Magic      | 2 3 5 7 |  7.6
Hexes          | 1 2 |  2.5
Invocations    | 2 4 5 |  5.3
Earth Magic    | 3 4 |  4.1
Transmutations | 3 4 |  4.1
Translocations | 2 3 |  3.4
Long Blades    | 1 |  1.2
Unarmed Combat | |  0.3

Action                     |  1- 3 |  4- 6 |  7- 9 | 10-12 || total
---------------------------+-------+-------+-------+-------++-------
  Melee: Unarmed           |     9 |       |       |       ||     9
         Tentacles         |     3 |       |     1 |       ||     4
         Constrict         |     2 |       |     1 |       ||     3
         Long sword        |       |       |     6 |       ||     6
   Cast: Foxfire           |    10 |     1 |     9 |     7 ||    27
         Scorch            |     3 |     8 |    10 |     4 ||    25
         Inner Flame       |       |     2 |     8 |     2 ||    12
         Flame Wave        |       |       |     7 |     1 ||     8
         Frozen Ramparts   |       |       |     2 |       ||     2
         Metabolic Englaci |       |       |       |     1 ||     1
    Use: Potion            |     4 |       |     2 |       ||     6
         Scroll            |     1 |       |     3 |     3 ||     7
 Armour: Skin              |       |       |     2 |       ||     2
  Dodge: Dodged            |     3 |       |    12 |     1 ||    16

Table legend: (Time is in decaauts)
 A = Elapsed time spent in this place.
 B = Non-inter-level travel time spent in this place.
 C = Inter-level travel time spent in this place.
 D = Time resting spent in this place.
 E = Time spent auto-exploring this place.
 F = Levels seen in this place.
 G = Mean time per level.
                   A        B        C        D        E       F      G
               +--------+--------+--------+--------+--------+-----+--------+
         Total |   1555 |   1555 |      0 |    879 |      1 |   1 | 1555.0 |
       Dungeon |   1555 |   1555 |      0 |    879 |      1 |   1 | 1555.0 |
               +--------+--------+--------+--------+--------+-----+--------+

Top non-repeatable levels by time:
       D: 1555 daAuts
